[Event "83rd ESP-ch Women-ch 2018"]
[Site "Linares"]
[Date "2018.08.24"]
[Round "5"]
[White "Garcia Romero, Benjamin Abel"]
[Black "Teran Alvarez, Ismael"]
[Result "0-1"]
[ECO "B42"]
[WhiteElo "2230"]
[BlackElo "2377"]
[Annotator "NA"]
[PlyCount "84"]
[EventDate "2018.08.09"]
[EventType "tourn"]
[EventCountry "ESP"]
[SourceTitle "playchess.com"]
[Source "ChessBase"]
[SourceQuality "1"]
[TimeControl "40/5400+30:1800+30"]

1. e4 c5 2. Nf3 e6 3. d4 cxd4 4. Nxd4 a6 5. Bd3 Qc7 6. Qe2 d6 7. O-O Nf6 8. f4 Be7 {[%emt 0:02:21] B42: Sicilian: Kan Variation: 5 Bd3} 9. Kh1 O-O 10. Bd2 Nbd7 11. Nc3 b5 12. Rae1 b4 13. Nd1 {[%emt 0:00:47] [#]} Rb8 $146 ({Predecessor:} 13... Qb6 14. Be3 Qb7 15. Bg1 g6 16. c4 e5 17. Nf3 exf4 18. e5 dxe5 19. Nxe5 {0-1 (25) Al Hajiri,B (2165)-Almasi,Z (2682) Riadh 2017}) 14. e5 Nd5 15. Nf2 Nc5 16. Bc4 Bb7 17. Ng4 Nb6 18. Bd3 Nxd3 19. cxd3 Qc5 20. Be3 Qd5 21. Bg1 dxe5 22. fxe5 Nd7 23. Rf3 a5 24. Rh3 Bc5 25. Nf3 Be7 26. b3 Ba6 27. Nd4 Rbc8 28. Rf1 Bg5 29. Rh5 Be7 30. Nf6+ Bxf6 31. exf6 Bxd3 32. Qg4 Nxf6 33. Rxf6 Qd8 34. Rf1 Bxf1 35. Nxe6 (35. Be3 $142) 35... fxe6 36. Qxe6+ Kh8 37. Qg6 Bxg2+ 38. Kxg2 {[%emt 0:00:22] [#]} Qd2+ $19 (38... Rc2+ $142 $1 39. Kh3 (39. Qxc2 Qa8+) 39... Rc3+ 40. Qg3 Qd7+ 41. Kh4 Rxg3 42. hxg3 Rf1 43. Rxa5 Qd8+ 44. Kh3 Qxa5 45. Kh2 Qh5+ 46. Kg2 Qe2+ 47. Kh3 Rxg1 48. Kh4 h5 49. Kh3 Rh1#) 39. Kh1 h6 40. Re5 Qc2 41. Qxc2 Rxc2 42. Rxa5 Rf1 0-1

[Event "83rd ESP-ch Women-ch 2018"]
[Site "Linares"]
[Date "2018.08.24"]
[Round "5"]
[White "Lopez Varela, Pablo"]
[Black "Alvarez Fernandez, Enrique"]
[Result "1/2-1/2"]
[ECO "C00"]
[WhiteElo "2100"]
[BlackElo "2324"]
[Annotator "NA"]
[PlyCount "92"]
[EventDate "2018.08.09"]
[EventType "tourn"]
[EventCountry "ESP"]
[SourceTitle "playchess.com"]
[Source "ChessBase"]
[SourceQuality "1"]
[TimeControl "40/5400+30:1800+30"]

1. e4 e6 2. Nf3 d5 3. e5 c5 4. b4 c4 5. c3 a5 6. b5 Nd7 {[%emt 0:03:44] C00: French: Unusual White 2nd moves} 7. d4 Ne7 $146 ({Predecessor:} 7... cxd3 8. Bxd3 Qc7 9. Qe2 Ne7 10. Bf4 h6 11. h4 g6 12. O-O Bg7 13. Nbd2 b6 14. c4 {1-0 (49) Bortnyk,O (2568)-Stupak,K (2535) Lvov 2016}) 8. a4 f6 9. Qe2 Ng6 10. exf6 Nxf6 11. Bg5 ({Better is} 11. g3 $14) 11... Be7 12. Nbd2 O-O 13. Ne5 Nxe5 14. dxe5 Nd7 15. Bxe7 Qxe7 16. Qe3 Nc5 17. Be2 Bd7 18. O-O Be8 19. Nf3 Bh5 20. Nd4 Bxe2 21. Nxe2 Rac8 22. Nd4 g5 23. f3 Rf7 24. Rfb1 Nb3 25. Nxb3 cxb3 26. Rxb3 Qc5 27. Qxc5 Rxc5 28. b6 Rf4 29. Kf2 Kf7 30. Ke3 Ke7 31. g3 Rfc4 32. Kd3 Kd7 33. Raa3 Ke7 34. Rb1 Kf7 35. Rb2 h5 36. h3 h4 37. g4 Ke7 38. Rb5 Kd7 39. Rab3 Kc6 40. Rxc5+ Rxc5 41. Rb5 Rc4 (41... Rxb5 $15 42. axb5+ Kxb5) 42. Rxa5 Rf4 43. Ke3 ({White should play} 43. Ke2 $1 $14) 43... Rc4 44. Kd3 Rf4 45. Ke3 Rc4 46. Kd3 Rf4 {[%emt 0:00:10] Kd4} 1/2-1/2

[Event "83rd ESP-ch Women-ch 2018"]
[Site "Linares"]
[Date "2018.08.24"]
[Round "5"]
[White "Gil Quilez, Sonia"]
[Black "Calzetta Ruiz, Monica"]
[Result "1-0"]
[ECO "A58"]
[WhiteElo "2066"]
[BlackElo "2302"]
[Annotator "NA"]
[PlyCount "91"]
[EventDate "2018.08.09"]
[EventType "tourn"]
[EventCountry "ESP"]
[SourceTitle "playchess.com"]
[Source "ChessBase"]
[SourceQuality "1"]
[TimeControl "40/5400+30:1800+30"]

1. d4 Nf6 2. c4 c5 3. d5 b5 4. cxb5 a6 5. bxa6 g6 6. Nc3 {[%emt 0:00:30] A58: Benko/Volga Gambit: Lines with 5 bxa6} Bg7 7. Nf3 O-O 8. a7 Rxa7 9. e4 d6 10. Be2 Nbd7 11. O-O Nb6 $146 ({Predecessor:} 11... Qb6 12. Qc2 Ba6 13. Bxa6 Rxa6 {½-½ (68) Ponomariov,R (2709)-Andriasian,Z (2621) Tallinn 2016}) 12. Qc2 Bd7 13. Nd2 e6 {[%emt 0:17:05] [#]} 14. Nc4 (14. dxe6 $1 $16 fxe6 15. a4) 14... exd5 15. Nxd6 dxe4 16. Ncb5 Bxb5 17. Nxb5 Ra5 18. Qxc5 Na4 19. Qc2 Qb8 20. Qb3 Rd8 21. Rd1 Rxd1+ 22. Qxd1 h5 23. h3 Rxb5 24. Qxa4 Rb4 25. Qc2 Nd5 26. a3 Rb6 27. Ra2 Nf4 28. Qxe4 Nxe2+ 29. Qxe2 Re6 30. Be3 Bd4 31. b4 Bxe3 32. fxe3 Qa7 33. Qf2 Rxe3 34. Re2 Rxa3 35. Qxa7 Rxa7 36. Kf2 Rb7 37. Rb2 f5 38. Ke3 Kf7 39. Kd4 g5 40. b5 Kf6 41. Kd5 Rb8 42. b6 f4 43. b7 $18 g4 44. hxg4 h4 45. Ke4 Kg5 46. Kf3 1-0

[Event "83rd ESP-ch Women-ch 2018"]
[Site "Linares"]
[Date "2018.08.24"]
[Round "5"]
[White "Gonzalez Garcia, Francisco"]
[Black "Comellas Martos, Lidia"]
[Result "1-0"]
[ECO "B12"]
[WhiteElo "1972"]
[BlackElo "2001"]
[Annotator "NA"]
[PlyCount "125"]
[EventDate "2018.08.09"]
[EventType "tourn"]
[EventCountry "ESP"]
[SourceTitle "playchess.com"]
[Source "ChessBase"]
[SourceQuality "1"]
[TimeControl "40/5400+30:1800+30"]

1. e4 c6 2. d4 d5 3. e5 c5 4. c3 Nc6 5. Nf3 Bg4 6. Be2 e6 7. O-O Bxf3 {[%emt 0:10:19] B12: Caro-Kann (Vorstoß-Variante)} (7... Nh6 8. Bxh6 gxh6 9. Nbd2 Qb6 10. Qb3 Be7 11. Rfe1 cxd4 12. Nxd4 Qxb3 13. N2xb3 Nxe5 14. f3 Bh5 15. g4 Rg8 16. Kf1 Bg6 17. f4 Nd3 {½-½ (17) Wang,P (2464)-Iotov,V (2574) Richardson 2011}) 8. Bxf3 cxd4 9. cxd4 Qb6 10. Be3 Qxb2 11. Nd2 Qb6 12. Rb1 Qc7 13. Qb3 Rb8 $146 14. Rfc1 Nge7 15. Qa4 Qd7 16. Qd1 Nf5 17. Nb3 Ba3 18. Nc5 Bxc5 19. Rxc5 O-O 20. Be2 a6 21. Rbc1 Rfc8 22. Qa4 Nfe7 23. Qa3 Nd8 24. Bg5 Rxc5 25. Rxc5 Ndc6 26. Qb2 Nf5 27. Be3 Rc8 28. Bg4 Nce7 29. Rxc8+ Qxc8 30. Be2 Qc6 31. g4 Nxe3 32. fxe3 Nc8 33. Bd3 b5 34. h4 h6 35. g5 hxg5 36. hxg5 g6 37. Kf2 Ne7 38. Qa3 Kf8 39. Qa5 Ke8 40. a4 bxa4 41. Bxa6 Qc2+ 42. Ke1 Ng8 43. Bb5+ Kf8 44. Bxa4 Qb1+ 45. Kf2 Qf5+ 46. Ke2 Qxg5 47. Qe1 Ne7 48. Bc2 Nf5 49. Qf2 Kg7 50. Bd3 Qh5+ 51. Kd2 Qg5 52. Ke2 Qg4+ 53. Ke1 Qh3 54. Ke2 Qh6 55. Bc2 Qh1 56. Bd3 Qc1 57. Qf4 (57. Qf3 $1 $15) 57... Qg1 58. Bxf5 gxf5 59. Kd2 Qg2+ 60. Ke1 Qg4 61. Qf2 ({White must play} 61. Qh2 $1 $15) 61... Kg6 62. Kf1 $2 (62. Kd2) 62... Kg5 63. Qd2 $19 1-0

[Event "83rd ESP-ch Women-ch 2018"]
[Site "Linares"]
[Date "2018.08.24"]
[Round "5"]
[White "Anillo Fernandez, Isabel Maria"]
[Black "Sanchez Vigon, David"]
[Result "0-1"]
[ECO "B36"]
[WhiteElo "1924"]
[BlackElo "2220"]
[Annotator "NA"]
[PlyCount "104"]
[EventDate "2018.08.09"]
[EventType "tourn"]
[EventCountry "ESP"]
[SourceTitle "playchess.com"]
[Source "ChessBase"]
[SourceQuality "1"]
[TimeControl "40/5400+30:1800+30"]

1. e4 c5 2. Nf3 Nc6 3. d4 cxd4 4. Nxd4 g6 5. c4 Nf6 6. Nc3 d6 7. Be2 Nxd4 8. Qxd4 Bg7 9. Be3 O-O 10. Qd3 Be6 {[%emt 0:01:52] B36: Sicilian: Maroczy Bind: Gurgenidze System} (10... a5 11. Bd4 a4 12. O-O Qa5 13. f4 Be6 14. f5 Bd7 15. Kh1 Bc6 16. Nd5 Bxd5 17. exd5 Nd7 18. Bxg7 Kxg7 {0-1 (63) Anton Guijarro,D (2666)-Guseinov,G (2646) Riadh 2017}) 11. Bd4 Nd7 12. Bxg7 Kxg7 13. O-O Qb6 14. b3 a5 15. Nd5 $146 ({Predecessor:} 15. Kh1 f5 16. exf5 Rxf5 17. f4 Raf8 18. Bg4 {1-0 (49) Sredojevic,I (2382)-Blesic,V (2362) Dvorovi 2016}) 15... Bxd5 16. exd5 Nc5 17. Qd4+ Kg8 18. Bd1 a4 19. Bc2 axb3 20. axb3 Qb4 21. Qe3 Rxa1 22. Rxa1 Re8 23. g3 Qb6 24. Qc3 Nd7 25. b4 Nf6 26. Re1 Qc7 27. Qd4 Rc8 28. Bd3 Kf8 29. Rc1 b6 30. h3 Kg8 31. Ra1 Nd7 32. Be2 Nf6 33. Kg2 Qb7 34. Bf3 Nd7 35. Kg1 Ne5 36. Be2 Rxc4 37. Qd2 Rc7 38. Rd1 Qc8 39. Kg2 Qf5 40. Qd4 Rc2 41. Rd2 Rxd2 42. Qxd2 Qe4+ 43. f3 Qb1 44. b5 Qb3 45. Qc1 Qxd5 46. Qc8+ Kg7 47. Qc3 Qc5 48. Qb2 f6 49. Qa2 d5 50. f4 Nc4 51. Qa7 (51. Qb3 $142) 51... Ne3+ $19 52. Kf3 Nf5 0-1

[Event "83rd ESP-ch Women-ch 2018"]
[Site "Linares"]
[Date "2018.08.26"]
[Round "7"]
[White "Sanchez Aller, Fernando"]
[Black "Arroyo Rodriguez, Jesus"]
[Result "1-0"]
[ECO "B23"]
[WhiteElo "2345"]
[BlackElo "2099"]
[Annotator "NA"]
[PlyCount "51"]
[EventDate "2018.08.09"]
[EventType "tourn"]
[EventCountry "ESP"]
[SourceTitle "playchess.com"]
[Source "ChessBase"]
[SourceQuality "1"]
[TimeControl "40/5400+30:1800+30"]

1. e4 c5 2. Nc3 g6 3. d4 Bg7 4. dxc5 Qa5 5. Bd2 Qxc5 6. Nd5 Na6 7. Bxa6 bxa6 8. Nf3 Rb8 9. O-O e6 10. Be3 Qa5 11. Bd4 f6 12. Re1 ({Much weaker is} 12. Bxa7 Rb7 $15) (12. Bc3 $16 Qc5 13. Bd4) 12... exd5 13. exd5+ Kf7 14. Qe2 Qd8 15. d6 Bb7 16. Qc4+ Kf8 {[%emt 0:00:09] [#]} 17. Bc5 $16 Rc8 18. Re7 Nh6 19. Nd4 f5 20. Ne6+ dxe6 21. Rxb7 Rxc5 22. Qxc5 Nf7 23. Rd1 Bf6 24. Qc7 Qe8 25. d7 Qe7 26. d8=Q+ 1-0

[Event "83rd ESP-ch Women-ch 2018"]
[Site "Linares"]
[Date "2018.08.26"]
[Round "7"]
[White "Moral Garcia, Serafin"]
[Black "Kolotilina, Liudmila"]
[Result "0-1"]
[ECO "B29"]
[WhiteElo "2287"]
[BlackElo "2216"]
[Annotator "NA"]
[PlyCount "104"]
[EventDate "2018.08.09"]
[EventType "tourn"]
[EventCountry "ESP"]
[SourceTitle "playchess.com"]
[Source "ChessBase"]
[SourceQuality "1"]
[TimeControl "40/5400+30:1800+30"]

1. e4 c5 2. Nf3 Nf6 3. Nc3 d5 4. exd5 Nxd5 5. Bb5+ Bd7 6. Ne5 Nf6 {[%emt 0:00:25] B29: Sicilian: 2 Nf3 Nf6 (Nimzowitsch Variation)} (6... Bxb5 7. Qf3 f6 8. Nxb5 Na6 9. Qh5+ g6 10. Nxg6 hxg6 11. Qxh8 Qd7 12. Nc3 Nab4 13. O-O Nxc2 14. Rb1 {½-½ (54) Caruana,F (2816)-Mamedyarov,S (2808) Leuven 2018}) 7. Bc4 e6 8. O-O Nc6 9. Nxc6 Bxc6 10. d3 Bd6 $146 ({Predecessor:} 10... Be7 11. Bf4 O-O 12. Bb5 Nd5 13. Bxc6 Nxc3 14. bxc3 bxc6 {½-½ (55) Deysenroth,P (1009)-Weiss,M (1448) Dortmund 2007}) 11. Qe2 Qc7 12. h3 a6 13. a4 O-O-O 14. Ne4 Be7 15. Ng5 Be8 16. Nf3 Nd5 17. Bg5 Kb8 18. Bxe7 Nxe7 19. Qe5 Qxe5 20. Nxe5 f6 21. Ng4 e5 22. f4 (22. Ne3 $11) 22... exf4 23. Rxf4 Nc6 24. Ne3 Nd4 25. Rf2 Bg6 26. Rd2 Rhe8 27. Kf2 Re5 28. c3 Nc6 29. a5 (29. Rad1 $11) 29... Bh5 30. Nc2 Re7 31. d4 cxd4 32. Nxd4 Nxd4 33. Rxd4 Rxd4 34. cxd4 Re4 35. Re1 Rxd4 36. Bg8 Rd2+ 37. Kg3 Rxb2 38. Re7 Rb5 39. Bxh7 Rxa5 40. Be4 Rb5 41. Kh4 Bd1 $19 42. Rxg7 Rb4 43. g4 Rxe4 44. Rf7 Re6 45. Kg3 a5 46. h4 a4 47. Rd7 Bc2 48. Rd2 Rc6 49. Rd8+ Ka7 50. Rd5 a3 51. Ra5+ Ra6 52. Rc5 Bb1 0-1

[Event "83rd ESP-ch Women-ch 2018"]
[Site "Linares"]
[Date "2018.08.26"]
[Round "7"]
[White "Tudela Corbalan, Carlos"]
[Black "Vega Gutierrez, Sabrina Neide"]
[Result "0-1"]
[ECO "A28"]
[WhiteElo "2246"]
[BlackElo "2390"]
[Annotator "NA"]
[PlyCount "40"]
[EventDate "2018.08.09"]
[EventType "tourn"]
[EventCountry "ESP"]
[SourceTitle "playchess.com"]
[Source "ChessBase"]
[SourceQuality "1"]
[TimeControl "40/5400+30:1800+30"]

1. c4 e5 2. Nc3 Nf6 3. e3 Nc6 4. Nf3 Bb4 5. d4 e4 6. Nd2 Bxc3 7. bxc3 d6 8. Be2 O-O 9. O-O Re8 10. Nb3 {[%emt 0:02:19] A28: English Opening: Four Knights Variation} Ne7 11. c5 d5 12. c4 Nf5 $146 ({Predecessor:} 12... Be6 13. Na5 b6 14. cxb6 axb6 15. cxd5 Nfxd5 16. Nc4 Nc3 17. Qc2 Nxe2+ 18. Qxe2 {0-1 (29) Avelar,W-Geenen,M (2325) Thessaloniki 1988}) 13. Bd2 Nh4 14. Rb1 dxc4 15. Na5 Qd5 16. Kh1 Qg5 17. Rg1 Ng4 18. Be1 Nxh2 19. f4 Qh6 20. g4 Nxg4 0-1

[Event "83rd ESP-ch Women-ch 2018"]
[Site "Linares"]
[Date "2018.08.26"]
[Round "7"]
[White "Silva Rodriguez, Fernando"]
[Black "Lopez Varela, Pablo"]
[Result "1/2-1/2"]
[ECO "B07"]
[WhiteElo "2239"]
[BlackElo "2100"]
[Annotator "NA"]
[PlyCount "67"]
[EventDate "2018.08.09"]
[EventType "tourn"]
[EventCountry "ESP"]
[SourceTitle "playchess.com"]
[Source "ChessBase"]
[SourceQuality "1"]
[TimeControl "40/5400+30:1800+30"]

1. e4 d6 2. d4 Nf6 3. Nc3 Nbd7 4. Nf3 e5 5. Bc4 Be7 6. O-O O-O 7. a4 c6 8. h3 h6 9. Re1 Qc7 10. Ba2 {[%emt 0:05:28] C41: Philidor Defence} Re8 11. Be3 Nf8 12. a5 (12. Qd2 Be6 13. d5 Bd7 14. Rad1 c5 15. Nxe5 dxe5 16. d6 Bxd6 17. Qxd6 Qxd6 18. Rxd6 Be6 19. Bxc5 Bxa2 20. Nxa2 {0-1 (72) Sanal,V (2551)-Fedoseev,V (2718) Riadh 2017}) 12... Be6 13. d5 Bd7 $146 ({Predecessor:} 13... cxd5 14. exd5 Bd7 15. Bb3 Ng6 16. Qe2 Nh7 17. Nb5 {1-0 (54) Vega Gutierrez,B (2255)-Cruz Gomez,I (1973) Las Palmas 2011}) 14. Qd3 c5 15. Bc4 Ng6 16. Reb1 Nh5 17. Ne2 f5 (17... Qc8 $11 {bleibt in der Remisbreite.}) 18. exf5 Bf6 19. Nd2 e4 20. Nxe4 Ne5 21. Nxf6+ Nxf6 22. Qb3 Bxf5 23. Ng3 Bg6 24. Re1 Nxc4 25. Qxc4 Bf7 (25... Qf7 $14) 26. Bd2 (26. Qh4 $16) 26... Nxd5 27. Qg4 Nf6 28. Qh4 Rxe1+ $11 29. Rxe1 Re8 30. Rxe8+ Nxe8 31. c4 Qd7 32. b3 Qe6 33. Qf4 Bg6 34. Qf3 1/2-1/2

[Event "83rd ESP-ch Women-ch 2018"]
[Site "Linares"]
[Date "2018.08.26"]
[Round "7"]
[White "Alvarez Serrano, Carlos"]
[Black "Vergara Anton, Diego"]
[Result "0-1"]
[ECO "D37"]
[WhiteElo "2225"]
[BlackElo "2022"]
[Annotator "NA"]
[PlyCount "140"]
[EventDate "2018.08.09"]
[EventType "tourn"]
[EventCountry "ESP"]
[SourceTitle "playchess.com"]
[Source "ChessBase"]
[SourceQuality "1"]
[TimeControl "40/5400+30:1800+30"]

1. d4 d5 2. c4 e6 3. Nf3 Nf6 4. Nc3 Be7 5. cxd5 exd5 6. Bg5 O-O 7. Qc2 c6 8. e3 Nbd7 9. Bd3 h6 10. Bh4 Ne8 11. Bg3 {[%emt 0:01:28] D36: Queen's Gambit Declined: Exchange Variation: Main line (5 Bg5 c6 6 Qc2)} Nb6 (11... Bd6 12. O-O-O Ndf6 13. Ne5 Be6 14. f4 Rc8 15. Kb1 c5 16. dxc5 Bxc5 17. f5 Bd7 18. Nxd7 Qxd7 {1-0 (53) Panjwani,R (2459)-Song,E (2352) Budapest 2018}) 12. O-O a5 $146 ({Predecessor:} 12... Nd6 13. Ne5 Nbc4 14. e4 Nxe5 15. dxe5 Nxe4 16. Nxe4 dxe4 17. Bxe4 {1-0 (58) Gouloutis,N (2068)-Stamoulas,N (1912) Thessaloniki 2014}) 13. Ne5 Nd6 14. b3 Bd7 15. a3 Qc8 16. f3 Bf5 17. e4 dxe4 18. fxe4 Bh7 19. Nc4 Ndxc4 20. bxc4 Qd7 21. Bf2 Rad8 22. d5 Nc8 23. e5 Bxd3 24. Qxd3 cxd5 25. cxd5 f6 26. Qc4 Kh8 (26... b5 $16 {was necessary.} 27. Qa2 (27. Qxb5 Qxb5 28. Nxb5 Rxd5 $11) 27... Kh8) 27. d6 Nxd6 28. exd6 Bxd6 29. Rad1 Qe8 30. Rfe1 Qh5 31. Rxd6 Rxd6 32. Qc5 Qxc5 33. Bxc5 Rfd8 34. Bxd6 Rxd6 35. Nb5 Rd3 36. Re7 b6 37. Re6 Rd1+ 38. Kf2 Rd2+ 39. Kf3 Rd3+ 40. Kg4 h5+ 41. Kh4 Kh7 42. Rxb6 Kh6 43. g3 g5+ 44. Kh3 Kg6 45. Kg2 Rd2+ 46. Kg1 Rd1+ 47. Kg2 Rd2+ 48. Kf1 Rxh2 49. Nd6 Ra2 50. Rb3 a4 51. Re3 f5 52. Re6+ Kh7 53. Nxf5 Rxa3 54. Rh6+ (54. Ke2 $14) 54... Kg8 55. Rxh5 Rf3+ 56. Ke2 Rxf5 57. Kd2 Kg7 58. g4 Ra5 59. Kc2 a3 60. Kb1 a2+ 61. Ka1 Kf6 62. Rh2 Ke5 (62... Ra4 $142 63. Rf2+ Ke6 64. Re2+ Kd5) 63. Rf2 Ke4 64. Rf8 Kd4 65. Rf7 Re5 66. Rf3 Re4 67. Rg3 Ke5 $19 68. Kxa2 Kf4 69. Rg1 Kf3 70. Kb1 Kf2 0-1

[Event "83rd ESP-ch Women-ch 2018"]
[Site "Linares"]
[Date "2018.08.26"]
[Round "7"]
[White "Lopez Guerrero, Jose Miguel"]
[Black "Sole Pijuan, Ferran"]
[Result "0-1"]
[ECO "C60"]
[WhiteElo "2148"]
[BlackElo "2320"]
[Annotator "NA"]
[PlyCount "58"]
[EventDate "2018.08.09"]
[EventType "tourn"]
[EventCountry "ESP"]
[SourceTitle "playchess.com"]
[Source "ChessBase"]
[SourceQuality "1"]
[TimeControl "40/5400+30:1800+30"]

1. e4 e5 2. Nf3 Nc6 3. Bb5 g6 4. d3 {[%emt 0:01:53] C60: Ruy Lopez: Unusual Black 3rd moves and 3...g6} (4. c3 a6 5. Ba4 Bg7 6. d4 exd4 7. cxd4 b5 8. Bc2 d6 9. d5 Na5 10. O-O Nc4 11. Nc3 Ne7 12. Bd3 Nb6 13. a4 {0-1 (48) Caruana,F (2816)-Mamedyarov,S (2808) Leuven 2018}) 4... Bg7 5. Bg5 Nge7 6. Qd2 h6 7. Bxe7 Nxe7 8. Nc3 O-O 9. Bc4 $146 ({Predecessor:} 9. O-O c6 10. Ba4 d6 11. h3 f5 12. Bb3+ Kh7 {0-1 (35) Duran Barraza,M (1897)-Hernandez,G (2126) Bogota 2014}) 9... c6 10. Bb3 Kh7 11. h4 d5 12. O-O-O d4 13. Ne2 a5 14. a3 b5 15. Rdg1 c5 16. g4 c4 17. dxc4 a4 18. Ba2 Be6 19. Qd3 Qc7 20. Ng5+ hxg5 21. hxg5+ Kg8 22. Qh3 Rfc8 23. Kb1 $19 bxc4 24. Ka1 c3 25. Bxe6 cxb2+ 26. Kxb2 Qxc2+ 27. Ka1 fxe6 28. Rg3 Rab8 29. Qh7+ Kf8 0-1

[Event "83rd ESP-ch Women-ch 2018"]
[Site "Linares"]
[Date "2018.08.26"]
[Round "7"]
[White "Cuevas Fernandez, Jose Alberto"]
[Black "Montero Melendez, Rafael"]
[Result "0-1"]
[ECO "D91"]
[WhiteElo "2147"]
[BlackElo "2367"]
[Annotator "NA"]
[PlyCount "43"]
[EventDate "2018.08.09"]
[EventType "tourn"]
[EventCountry "ESP"]
[SourceTitle "playchess.com"]
[Source "ChessBase"]
[SourceQuality "1"]
[TimeControl "40/5400+30:1800+30"]

1. d4 Nf6 2. Nf3 g6 3. c4 Bg7 4. Nc3 d5 5. Bg5 Ne4 6. Bh4 c6 {[%emt 0:00:06] D91: Grünfeld: 4 Nf3 Bg7 5 Bg5} (6... Nxc3 7. bxc3 dxc4 8. e3 b5 9. a4 c6 10. Qb1 a6 11. Be2 Nd7 12. O-O Nb6 13. Ne5 Bxe5 14. dxe5 Nxa4 15. Bf3 Nxc3 16. Qb4 Nd5 17. Qc5 Bb7 {1-0 (40) Nakamura,H (2767)-Aronian,L (2797) Saint Louis 2014}) 7. e3 Qa5 8. Bd3 Nxc3 9. Qd2 dxc4 10. Bxc4 b5 $146 ({Predecessor:} 10... Qb4 11. Qxc3 Qxc3+ 12. bxc3 Bf5 13. a4 Nd7 {½-½ (21) Wesslen,U-Sterner,J Stockholm 1995}) 11. Be2 b4 12. bxc3 bxc3 13. Qc2 Bf5 14. e4 Bd7 15. O-O c5 $1 16. Qb3 Nc6 17. d5 Nd4 18. Nxd4 cxd4 19. Qb7 Rc8 $19 20. Rab1 c2 21. Rb5 Qd2 22. Rbb1 0-1

[Event "83rd ESP-ch Women-ch 2018"]
[Site "Linares"]
[Date "2018.08.26"]
[Round "7"]
[White "Gomez Sanjuan, Hector Fernando"]
[Black "Teran Alvarez, Ismael"]
[Result "0-1"]
[ECO "A41"]
[WhiteElo "2146"]
[BlackElo "2377"]
[Annotator "NA"]
[PlyCount "106"]
[EventDate "2018.08.09"]
[EventType "tourn"]
[EventCountry "ESP"]
[SourceTitle "playchess.com"]
[Source "ChessBase"]
[SourceQuality "1"]
[TimeControl "40/5400+30:1800+30"]

1. d4 d6 2. Nf3 Nf6 3. c4 g6 4. Nc3 Bf5 5. Nh4 Bd7 6. e4 Bg7 {[%emt 0:01:20] E61: King's Indian: Early deviations for White, including Smyslov System} (6... e5 7. dxe5 dxe5 8. Nf3 Nc6 9. Be2 Bg7 10. O-O O-O 11. h3 Be6 12. Be3 Qxd1 13. Rfxd1 Rfd8 14. Nd5 Nxe4 15. Nxc7 Rac8 16. Nxe6 fxe6 17. Bd3 Nf6 18. Ng5 Nb4 19. Bf1 Nc2 20. Nxe6 Rxd1 21. Rxd1 Nxe3 22. fxe3 {½-½ (97) Li,C (2751)-Mamedov,R (2650) Huaian 2016}) 7. Be2 O-O 8. O-O e5 9. Nf3 exd4 10. Nxd4 {[%emt 0:00:49] LiveBook: 37 Games} Re8 11. f3 Nc6 12. Be3 Nh5 13. Qd2 Nf4 14. Nxc6 Nxe2+ 15. Nxe2 bxc6 16. Bd4 $146 Bxd4+ 17. Qxd4 c5 18. Qd2 Be6 19. Rac1 a5 20. Rfd1 Qf6 21. Qc3 Qxc3 22. Rxc3 Reb8 23. Rd2 Rb4 24. b3 a4 25. Nf4 axb3 26. axb3 Kf8 27. Nxe6+ fxe6 28. Kf2 Ra3 29. Rb2 Ke7 30. Ke3 Ra1 31. Kf4 e5+ 32. Kg5 $1 Rb8 33. Rcc2 Ra3 34. Rc3 Kf7 35. Rd3 {[%emt 0:01:28] [#]} h6+ $1 36. Kg4 Kf6 37. h3 Rb4 38. Rc3 Ra1 39. Kh4 Ke6 40. Kg3 Rb8 41. Rcc2 h5 42. Kf2 h4 43. Ke3 Ra3 44. Rc3 Rb4 45. Rd3 ({White should try} 45. f4) 45... Ra1 46. Rc3 Kf6 47. Rcc2 Kg5 48. Kd3 Kf4 49. Kc3 Ra3 50. Rf2 Rb8 51. Rb1 Kg3 52. Rbb2 {[%emt 0:00:07] [#]} Raxb3+ $1 53. Rxb3 Rxb3+ {[%emt 0:00:06] Kd4} 0-1

[Event "83rd ESP-ch Women-ch 2018"]
[Site "Linares"]
[Date "2018.08.26"]
[Round "7"]
[White "Cruz Ramirez, Nauzet"]
[Black "Blazquez Gomez, Juan Carlos"]
[Result "1-0"]
[ECO "A04"]
[WhiteElo "2037"]
[BlackElo "2240"]
[Annotator "NA"]
[PlyCount "87"]
[EventDate "2018.08.09"]
[EventType "tourn"]
[EventCountry "ESP"]
[SourceTitle "playchess.com"]
[Source "ChessBase"]
[SourceQuality "1"]
[TimeControl "40/5400+30:1800+30"]

1. Nf3 Nc6 2. g3 e5 3. d3 d5 4. Bg2 f6 5. O-O Be6 {[%emt 0:00:20] A07: Réti Opening: New York and Capablanca Systems} 6. c3 (6. Nc3 Qd7 7. e4 d4 8. Ne2 O-O-O 9. Ne1 g5 10. f4 h6 11. a3 Bd6 12. b4 Nge7 {0-1 (32) Nalbandian,T (2455)-Hovhannisyan,R (2594) Yerevan 2017}) 6... Qd7 7. b4 a6 8. Nbd2 h5 $146 ({Predecessor:} 8... Nge7 9. e4 d4 10. cxd4 Nxd4 11. Bb2 Nec6 12. Nxd4 Nxd4 {1-0 (55) Sandkamp,R (2245)-Berov,A (2490) Ruhrgebiet 1997}) 9. h4 Nh6 10. Nb3 b6 11. a4 Rd8 12. Qc2 Kf7 13. Bd2 Nf5 14. Rad1 Nb8 15. a5 Be7 16. Bc1 Qa4 17. axb6 ({Better is} 17. Bb2 $14) 17... cxb6 18. Bd2 Rc8 19. Nbd4 Qxc2 20. Nxc2 Nd6 21. Na3 Rc7 22. Ra1 Rhc8 23. Nb1 Nb5 24. Ne1 Nd6 25. Be3 Rc6 26. Bd2 b5 27. Nc2 Ne8 (27... Nf5 $11) 28. f4 Kg8 $1 29. Bf3 g6 30. Ne3 d4 31. Bxc6 dxe3 32. Bxe8 exd2 33. Bxg6 Bg4 34. Nxd2 Rxc3 35. fxe5 fxe5 36. Rf7 Bxb4 37. Ne4 Rc6 38. Nf6+ $18 Rxf6 39. Rxf6 Kg7 40. Raf1 Bxe2 41. Rf7+ Kg8 42. R1f6 Bg4 43. Bh7+ Kh8 44. Rg6 1-0

[Event "83rd ESP-ch Women-ch 2018"]
[Site "Linares"]
[Date "2018.08.26"]
[Round "7"]
[White "Nunez, Daniela Alejandra"]
[Black "Ayats Llobera, Gerard"]
[Result "1/2-1/2"]
[ECO "B13"]
[WhiteElo "2021"]
[BlackElo "2345"]
[Annotator "NA"]
[PlyCount "93"]
[EventDate "2018.08.09"]
[EventType "tourn"]
[EventCountry "ESP"]
[SourceTitle "playchess.com"]
[Source "ChessBase"]
[SourceQuality "1"]
[TimeControl "40/5400+30:1800+30"]

1. e4 c6 2. d4 d5 3. exd5 cxd5 4. Bd3 Nc6 5. c3 Nf6 6. h3 g6 7. Nf3 Bg7 8. O-O O-O 9. Re1 Qc7 10. Bg5 {[%emt 0:07:05] B13: Caro-Kann: Exchange Variation and Panov-Botvinnik Attack} (10. Na3 Bf5 11. Bf1 a6 12. Nc2 Bxc2 13. Qxc2 b5 14. a4 Qb7 15. Qb3 Na5 16. Qb4 Nc6 17. Qc5 bxa4 {1-0 (42) Artemiev,V (2682)-Rozum,I (2606) Sochi 2017}) 10... Bf5 11. Bxf5 gxf5 12. Qc1 Kh8 13. Bf4 Qd7 14. Nbd2 Rg8 $146 ({Predecessor:} 14... Ne4 15. Ng5 e6 16. Qd1 f6 17. Ngxe4 fxe4 {0-1 (29) Korchagina,V (2098)-Cheremnova,T (2245) Tyumen 2012}) 15. Ne5 Nxe5 16. dxe5 Ne4 17. Nb3 a5 18. f3 a4 19. Nd4 Nc5 20. Qe3 Ra6 21. b4 axb3 22. axb3 Rga8 23. Rxa6 Rxa6 24. b4 Na4 25. b5 Rg6 26. e6 Qe8 27. exf7 Qxf7 28. Qxe7 Bxd4+ 29. cxd4 Qxe7 30. Rxe7 Rb6 31. Be5+ Kg8 32. Rg7+ Kf8 33. Rxh7 Rxb5 34. h4 Nb2 35. Rh5 Nd3 36. Rxf5+ Kg8 37. h5 Rb1+ 38. Kh2 b5 39. h6 Kh7 40. Bg7 Rb2 41. Kh3 b4 42. g4 b3 43. Kh4 Rh2+ 44. Kg5 b2 45. Rf8 Rxh6 $1 46. Bxh6 $11 b1=Q 47. Rf7+ 1/2-1/2